 Dungeon Crawl Stone Soup version 0.16-a0-77-g708f960 (webtiles) character file.

420 PolkaDot the Cutter (level 6, 0/44 HPs)
             Began as a Vampire Death Knight on Aug 8, 2014.
             Was a Priest of Yredelemnul.
             Slain by a green rat (5 damage)
             ... on Level 4 of the Dungeon.
             The game lasted 00:14:40 (3284 turns).

PolkaDot the Cutter (Vampire Death Knight)          Turns: 3284, Time: 00:14:40

HP   0/44        AC  4     Str 12      XL: 6   Next: 62%
MP  10/10        EV 10     Int 13      God: Yredelemnul [***...]
Gold 222         SH  0     Dex 15      Spells:  0 memorised,  5 levels left

rFire  . . .     SeeInvis +     a - +1 short sword
rCold  . . .     Clarity  .     b - +1 leather armour
rNeg   . . .     rCorr    .     (no shield)
rPois  .         rRot     .     (no helmet)
rElec  .         Spirit   .     (no cloak)
SustAb +         Warding  .     (no gloves)
rMut   .         Stasis   .     (no boots)
Gourm  .                        (no amulet)
MR     .....                    j - ring of sustain abilities
                                e - ring of stealth

@: regenerating quickly, not resistant to hostile enchantments, unstealthy
A: bottle blood, fangs 3, see invisible, unbreathing
a: Bottle Blood, Animate Dead, Recall Undead Slaves, Injury Mirror, Renounce
Religion


You were on level 4 of the Dungeon.
You worshipped Yredelemnul.
Yredelemnul was most pleased with you.
You were very full.

You visited 1 branch of the dungeon, and saw 4 of its levels.

You collected 222 gold pieces.

Inventory:

Hand weapons
 a - a +1 short sword (weapon)
Missiles
 m - 6 poisoned needles
Armour
 b - a +1 leather armour (worn)
Scrolls
 c - 3 scrolls of teleportation
 f - a scroll of amnesia
Jewellery
 e - a ring of stealth (left hand)
 g - an uncursed ring of flight
 j - a ring of sustain abilities (right hand)
Potions
 i - a potion of cure mutation {!q}


   Skills:
 - Level 1.7 Fighting
 * Level 6.6 Short Blades
 - Level 1.0 Throwing
 + Level 1.7 Armour
 - Level 1.1 Dodging
 - Level 3.5 Invocations


You had 5 spell levels left.
You didn't know any spells.

Dungeon Overview and Level Annotations

Branches:
Dungeon (4/15)             Temple (0/1) D:4

Altars:
Elyvilon


Innate Abilities, Weirdness & Mutations

Your natural rate of healing is unusually fast.
You can bottle blood from corpses.
You have razor-sharp teeth.
You have supernaturally acute eyesight.
You can survive without breathing.


Message History

You closely miss the green rat.
The green rat is heavily wounded.
You closely miss the green rat.
The green rat is heavily wounded.
The green rat bites you.
* * * LOW HITPOINT WARNING * * *
Read which item? (? for menu, Esc to quit)
As you read the scroll labeled MIUKHODDES, it crumbles to dust.
It is a scroll of identify.
Identify which item? (\ to view known items) (? for menu, Esc to quit)
f - a scroll of amnesia The green rat misses you.
Adjust (i)tems, (s)pells, or (a)bilities?
Adjust which ability?
No such ability.
Unknown command.
Use which ability? (? or * to list)
You fail to use your ability.
The green rat bites you.
You die...
Yredelemnul claims you as an undead slave.

...##.....#.........+........#
..........#.........#...+#####
##r..###..+.........#.....##
≈≈...≈≈#..#.........+......#
≈.r♣..≈#+##.........#......#
.......r............#......#
.♣._.♣..............#......#
...............#########...+
≈..♣..≈#......##@r≈≈≈.≈##.###+##
≈≈...≈≈#......#≈#######.#.##...#
##...###...##+#≈# #......#
.....#.....+ #≈# #......+
....#.....# #≈# #......# ..
+.....# #≈# #.###+## #.....# #≈#
#.##...# ....... #≈# #.'....#
..... #≈## ##.#....+


You could see a green rat.

Vanquished Creatures
  2 orc priests (D:3)
  An iguana (D:4)
  2 orc wizards (D:3)
  A worker ant (D:4)
  A gnoll (D:1)
  3 adders
  A giant mite (D:2)
  5 giant geckos
  2 oozes
  3 orcs (D:3)
  7 bats
  9 hobgoblins
  2 jackals (D:2)
  11 kobolds
  2 ball pythons (D:2)
  4 giant cockroaches
  3 giant newts
  6 goblins
  18 rats
83 creatures vanquished.

Vanquished Creatures (collateral kills)
  The ghost of ghwc the Chopper, an average HODK of Yredelemnul (D:3)
  4 adders
  2 worms (D:2)
  2 orcs (D:3)
  6 bats
  A hobgoblin (D:3)
  A kobold (D:3)
  2 goblins (D:1)
  A jackal (D:2)
  A kobold zombie (D:3)
21 creatures vanquished.

Vanquished Creatures (others)
  A bat skeleton (D:1)
  A hobgoblin skeleton (D:2)
  A kobold zombie (D:3)
  A rat skeleton (D:3)
4 creatures vanquished.

Grand Total: 108 creatures vanquished

Notes
Turn   | Place    | Note
--------------------------------------------------------------
     0 | D:1      | PolkaDot, the Vampire Death Knight, began the quest for the Orb.
     0 | D:1      | Reached XP level 1. HP: 16/16 MP: 1/1
    36 | D:1      | Reached XP level 2. HP: 16/22 MP: 2/2
   251 | D:1      | Reached skill level 3 in Short Blades
   259 | D:1      | Acquired Yredelemnul's second power
   259 | D:1      | Reached skill level 1 in Throwing
   484 | D:1      | Reached XP level 3. HP: 15/27 MP: 4/4
   949 | D:2      | Reached skill level 4 in Short Blades
   955 | D:2      | Reached XP level 4. HP: 8/33 MP: 3/5
  1266 | D:2      | Acquired Yredelemnul's third power
  1866 | D:2      | Received a gift from Yredelemnul
  2074 | D:3      | Reached XP level 5. HP: 25/38 MP: 5/8
  2283 | D:3      | Reached skill level 5 in Short Blades
  2527 | D:3      | Received a gift from Yredelemnul
  2599 | D:3      | Reached skill level 1 in Armour
  2733 | D:3      | Reached XP level 6. HP: 40/44 MP: 10/10
  2826 | D:3      | Noticed ghwc's ghost (average HODK)
  2837 | D:3      | Killed ghwc's ghost
  2837 | D:3      | Reached skill level 6 in Short Blades
  3027 | D:4      | Found a staircase to the Ecumenical Temple.
  3166 | D:4      | Found a white marble altar of Elyvilon.
  3284 | D:4      | Slain by a green rat

Action                   |  1- 3 |  4- 6 || total
-------------------------+-------+-------++-------
Melee: Short sword       |    95 |   233 ||   328
Invok: Animate Remains   |    14 |     3 ||    17
       Animate Dead      |       |    13 ||    13
       Recall Undead Sla |       |     1 ||     1
  Use: Potion            |     1 |     5 ||     6
       Scroll            |       |     6 ||     6
 Stab: Distracted        |     1 |     1 ||     2
       Sleeping          |     3 |     8 ||    11
  Eat: Corpse            |    11 |    17 ||    28
